 Dungeon Crawl Stone Soup version 0.30-a0-860-g512cf1e979 (webtiles) character file.

Game seed: 17164989685430848642

68 zenocrate the Insei (level 4, -1/28 HPs)
             Began as an Octopode Transmuter on Mar 7, 2023.
             Slain by an orc
             ... wielding a +0 mace
              (5 damage)
             ... on level 2 of the Dungeon.
             The game lasted 00:01:29 (1767 turns).

zenocrate the Insei (Octopode Transmuter)           Turns: 1767, Time: 00:01:30

Health: -1/28      AC:  1    Str:  9    XL:     4   Next: 19%
Magic:  5/7        EV: 13    Int: 17    God:
Gold:   87         SH:  0    Dex: 12    Spells: 0/7 levels left

rFire   . . .      SeeInvis .      - Unarmed
rCold   . . .      Faith    .    (no shield)
rNeg    . . .      Spirit   .    (helmet currently unavailable)
rPois   .          Reflect  .    (no amulet)
rElec   .          Rampage  .    i - ring of resist corrosion
rCorr   +                        (no ring)
Will    .....                    (no ring)
Stlth   +++                      (no ring)
HPRegen 0.24/turn                (no ring)
MPRegen 0.10/turn                (no ring)
                                 (no ring)
                                 (no ring)

@: appendages (expiring), wereblooded
A: tentacle spike 3, almost no armour, amphibious, 8 rings, camouflage 1,
gelatinous body 1, (nimble swimmer 1), tentacles
a: End Transformation


You were on level 2 of the Dungeon.
One of your tentacles had grown a beastly spike.
You visited 1 branch of the dungeon, and saw 3 of its levels.

You collected 87 gold pieces.

Inventory:

Jewellery
 i - a ring of resist corrosion (left tentacle)
Scrolls
 b - a scroll of teleportation {unknown}
 d - a scroll of immolation {unknown}
 f - a scroll of fog {unknown}
 g - 2 scrolls of poison {unknown}
Potions
 a - a potion of lignification
 c - a potion of berserk rage
 e - a potion of cancellation
 j - a potion of flight
 k - a potion of attraction {unknown}


   Skills:
 - Level 1.0 Fighting
 - Level 2.0 Dodging
 - Level 1.5 Stealth
 + Level 3.9 Unarmed Combat
 - Level 2.0 Spellcasting
 + Level 3.2 Transmutations
 + Level 0.1 Ice Magic


You couldn't memorise any spells.
You knew the following spells:

 Your Spells              Type           Power      Damage    Failure   Level
a - Beastly Appendage     Tmut           24%        N/A       5%          1
b - Wereblood             Tmut           12%        N/A       8%          2
c - Ice Form              Ice/Tmut       7%         N/A       67%         4

Your spell library contained the following spells:

 Spells                   Type           Power      Damage    Failure   Level
 Spider Form              Tmut/Pois      7%         N/A       30%         3


Dungeon Overview and Level Annotations

Branches:
Dungeon (3/15)

Altars:


Innate Abilities, Weirdness & Mutations

One of your tentacles has grown a beastly spike.
You cannot wear most types of armour.
You are amphibious.
You can wear up to eight rings at the same time.
Your skin changes colour to match your surroundings (Stealth+).
Your rubbery body absorbs attacks. (AC +1, EV +1)
((You are camouflaged when in or above water. (Stealth+)))
You have tentacles for arms and can constrict up to eight enemies at once.


Message History

The orc shouts! x2
Unknown command.
You tentacle-slap the orc. Your grab misses the orc.
Your tentacle spike misses the orc.
The orc is moderately wounded.
You tentacle-slap the orc. Your grab misses the orc.
The orc is moderately wounded.
The orc hits you with a +2 heavy war axe!
The orc hits you but does no damage.
The orc hits you with a +2 heavy war axe.
You climb upwards.
There is a stone staircase leading down here.
You closely miss the orc. You grab the orc. You squeeze the orc.
You feel a bit better.
You kill the orc!
The orc hits you but does no damage. The orc hits you with a +0 mace.
You barely miss the orc. You grab the orc.
You pierce the orc, but do no damage.
You constrict the orc. The orc hits you with a +0 club.
The orc closely misses you.
You barely miss the orc. You squeeze the orc.
The orc is heavily wounded.
You constrict the orc. The orc barely misses you.
The orc hits you with a +0 mace.
You tentacle-slap the orc.
You pierce the orc, but do no damage.
The orc is severely wounded.
You constrict the orc. The orc barely misses you.
The orc hits you with a +0 mace!
* * * LOW HITPOINT WARNING * * *
You tentacle-slap the orc but do no damage.
You tentacle-slap the orc.
You feel a bit better.
You kill the orc!
You howl as the wereblood boils in your veins!
The orc closely misses you.
You tentacle-slap the orc. You grab the orc. You tentacle-slap the orc.
The orc is moderately wounded.
You howl as the wereblood boils in your veins!
Your transformation is almost over.
You constrict the orc, but do no damage.
The orc hits you with a +0 mace.
You die...

.........# #............# ##
.........# #............# #.
.........# #............# #.
.........# #............# #.
.....##### #............##### #.
.....###### #.<..............# #.
..........###................# #.
.................)...........###.
................@)...).....####..
#..............[o...####....##...
......................####......#
...#####................####..###
...# #...............÷..######.
...# #.......(...÷#.....######.
...# #############....####..###
#### #...####......#
#.####....##†..


You could see an orc.

Vanquished Creatures
  2 adders (D:2)
  2 worms (D:2)
  A dart slug (D:2)
  2 orcs (D:2)
  6 bats
  3 endoplasms
  A giant cockroach (D:1)
  4 goblins (D:1)
  3 quokkas
  3 ball pythons (D:1)
  4 frilled lizards
  6 kobolds
  2 rats (D:1)
39 creatures vanquished.

Vanquished Creatures (others)
  A plant (D:2)
1 creature vanquished.

Grand Total: 40 creatures vanquished

Notes
Turn   | Place    | Note
-------+----------+-------------------------------------------
     0 | D:1      | zenocrate the Octopode Transmuter began the quest for the
                  | Orb.
     0 | D:1      | Reached XP level 1. HP: 13/13 MP: 3/3
   151 | D:1      | Reached skill level 1 in Stealth
   167 | D:1      | Reached XP level 2. HP: 18/18 MP: 5/5
   170 | D:1      | Learned a level 2 spell: Wereblood
   530 | D:1      | Reached XP level 3. HP: 23/23 MP: 6/6
  1365 | D:2      | Reached XP level 4. HP: 27/28 MP: 3/7
  1372 | D:2      | Learned a level 4 spell: Ice Form
  1767 | D:2      | Slain by an orc

Illustrated notes

Levels and vault maps discovered:
D:1:      scummos_arrival_checkerplants, layout_basic, minmay_ruptured
D:2:      layout_basic, serial_bayou, serial_bayou_shore_b,
          serial_bayou_lagoon_a, serial_bayou_ford_a, serial_bayou_pond_e,
          nrook_loot_triangle, minmay_misc_feat_x
D:3:      layout_rooms, gammafunk_ghost_icy, serial_rivers,
          chequers_serial_rivers_room_a, chequers_serial_rivers_marsh,
          chequers_serial_rivers_micro_c, chequers_serial_rivers_small_b

Skill      XL: |  1  2  3 |
---------------+----------+-----
Stealth        | 1 |  1.5
Transmutations | 3 |  3.2
Fighting       | |  1.0
Dodging        | |  2.0
Unarmed Combat | |  3.9
Spellcasting   | |  2.0
Ice Magic      | |  0.1

Action                     |  1- 3 |  4- 6 || total
---------------------------+-------+-------++-------
  Melee: Unarmed           |    73 |    12 ||    85
         Tentacles         |    20 |     3 ||    23
         Constrict         |    23 |     3 ||    26
         Punch             |     3 |     2 ||     5
         Kick              |     4 |     4 ||     8
   Cast: Beastly Appendage |     6 |     2 ||     8
         Wereblood         |     4 |     2 ||     6
    Use: Scroll            |       |     3 ||     3
   Stab: Sleeping          |     8 |       ||     8
 Armour: Skin              |     9 |     3 ||    12
  Dodge: Dodged            |    51 |     4 ||    55

Table legend: (Time is in decaauts)
 A = Elapsed time spent in this place.
 B = Non-inter-level travel time spent in this place.
 C = Inter-level travel time spent in this place.
 D = Time resting spent in this place.
 E = Time spent auto-exploring this place.
 F = Levels seen in this place.
 G = Mean time per level.
                   A        B        C        D        E       F      G
               +--------+--------+--------+--------+--------+-----+--------+
         Total |   1761 |   1694 |     67 |      0 |   1389 |   3 |  587.0 |
       Dungeon |   1761 |   1694 |     67 |      0 |   1389 |   3 |  587.0 |
               +--------+--------+--------+--------+--------+-----+--------+

Top non-repeatable levels by time:
     D:2: 882 daAuts
     D:1: 871 daAuts
     D:3: 7 daAuts
